 Dungeon Crawl Stone Soup version 0.29-a0-222-g5b244fca1f (webtiles) character file.

Game seed: 12985101990801190664

469 horus123 the Firebug (level 6, 0/45 HPs)
             Began as a Demigod Fire Elementalist on Feb 27, 2022.
             Slain by an iron imp (4 damage)
             ... on level 4 of the Dungeon.
             The game lasted 00:08:24 (4744 turns).

horus123 the Firebug (Demigod Fire Elementalist)    Turns: 4744, Time: 00:08:24

Health: 0/45       AC:  7    Str:  7    XL:     6   Next: 51%
Magic:  13/15      EV: 11    Int: 34    God:
Gold:   216        SH:  0    Dex: 20    Spells: 6/13 levels left

rFire   + + .      SeeInvis .   r - staff of fire
rCold   . . .      Faith    .   (no shield)
rNeg    . . .      Spirit   .   m - +2 leather armour of Honesty {Str-2 Int+9 Stlth+}
rPois   .          Reflect  .   d - +2 hat
rElec   .          Harm     .   (no cloak)
rCorr   .          Rampage  .   (no gloves)
Will    .....                   (no boots)
Stlth   +++.......              (no amulet)
HPRegen 0.15/turn               i - +6 ring of dexterity
MPRegen 0.14/turn               c - ring of protection from fire

@: no status effects
A: high MP 1, forlorn, divine attributes
a: no special abilities


You were on level 4 of the Dungeon.
You visited 1 branch of the dungeon, and saw 4 of its levels.

You collected 216 gold pieces.

Inventory:

Hand Weapons
 n - a +0 short sword
Armour
 a - a +1 robe
 d - a +2 hat (worn)
 m - the +2 leather armour of Honesty (worn) {Str-2 Int+9 Stlth+}
   (You found it on level 3 of the Dungeon)

   Str:       It affects your strength (-2).
   Int:       It affects your intelligence (+9).
   Stlth:     It makes you more stealthy.
 p - a +0 cloak
Magical Staves
 r - a staff of fire (weapon)
Jewellery
 c - a ring of protection from fire (right hand)
 i - a +6 ring of dexterity (left hand)
 k - a +6 ring of strength
Scrolls
 f - 2 scrolls of magic mapping
 g - a scroll of fog
 l - a scroll of silence
 t - a scroll of teleportation
Potions
 b - a potion of lignification
 e - 5 potions of curing
 h - a potion of attraction
 o - a potion of cancellation {unknown}
 u - a potion of heal wounds {unknown}
 v - a potion of haste {unknown}


   Skills:
 - Level 1.7 Dodging
 - Level 1.7 Stealth
 - Level 4.2 Spellcasting
 - Level 0.8 Conjurations
 + Level 5.6 Fire Magic


You had 6 spell levels left.
You knew the following spells:

 Your Spells              Type           Power      Damage    Failure   Level
a - Foxfire               Conj/Fire      100%       2x1d9     1%          1
b - Scorch                Fire           100%       2d10      1%          2
c - Flame Wave            Conj/Fire      44%        2d10      19%         4

Your spell library contained the following spells:

 Spells                   Type           Power      Damage    Failure   Level
 Conjure Flame            Conj/Fire      44%        6-21      6%          3
 Inner Flame              Hex/Fire       39%        N/A       7%          3


Dungeon Overview and Level Annotations

Branches:
Dungeon (4/15)
 Temple: D:4-7

Shops:
D:3 *:*=


Innate Abilities, Weirdness & Mutations

You have an increased reservoir of magic. (+10% MP)
You shall have no god before yourself.
Your divine heritage dramatically boosts your attributes as you level up.


Message History

You hit the iron imp but do no damage. The iron imp hits you.
You hit the iron imp but do no damage. The iron imp hits you.
You closely miss the iron imp. The iron imp closely misses you.
You hit the iron imp but do no damage. The iron imp hits you!
You see here 11 gold pieces.
You now have 216 gold pieces (gained 11).
Casting: Scorch (safe; 1% risk of failure)
Confirm with . or Enter, or press ? or * to list all spells.
Okay, then.
You closely miss the iron imp. The iron imp completely misses you.
You barely miss the iron imp. The iron imp barely misses you.
You closely miss the iron imp. The iron imp barely misses you.
You hit the iron imp but do no damage. The iron imp closely misses you.
You hit the iron imp.
The iron imp is lightly wounded.
The iron imp hits you!
You hit the iron imp but do no damage.
The iron imp is lightly wounded.
The iron imp misses you.
You hit the iron imp.
The iron imp is lightly wounded.
The iron imp hits you but does no damage.
You hit the iron imp but do no damage.
The iron imp is lightly wounded.
The iron imp hits you.
You hit the iron imp.
The iron imp is moderately wounded.
The iron imp hits you.
* * * LOW HITPOINT WARNING * * *
You hit the iron imp but do no damage.
The iron imp is moderately wounded.
The iron imp closely misses you.
You hit the iron imp but do no damage.
The iron imp is moderately wounded.
The iron imp hits you!
* * * LOW HITPOINT WARNING * * *
You closely miss the iron imp.
The iron imp is moderately wounded.
The iron imp hits you.
You die...

.#####..#+#.# #..#
#...###.## .#
##.....# #.. #...#
.# #.....# #..
#...# .# ##....##
##. #...# .#
#.....# #.. #...#
## ##>##.# #.#
..... #.##.# #.#
#####+ #######
#.##.#+#.# .......
..##...5@#
############.#####
..######.....#
...#............+
.#.............##
.#.............#
.#5............#
.#5............#
.#......≈......#


You could see an iron imp.

Vanquished Creatures
  An ogre (D:4)
  A phantom (D:4)
  A scorpion (D:4)
  A hound (D:4)
  2 iron imps (D:4)
  An iguana (D:4)
  3 gnolls (D:2)
  5 adders
  2 worms
  A dart slug (D:3)
  An orc (D:3)
  10 endoplasms
  A giant cockroach (D:4)
  6 goblins
  5 hobgoblins (D:1)
  2 jackals (D:1)
  A quokka (D:1)
  5 ball pythons
  7 bats
  5 frilled lizards
  8 kobolds
  4 rats
73 creatures vanquished.

Vanquished Creatures (others)
  84 foxfires
84 creatures vanquished.

Grand Total: 157 creatures vanquished

Notes
Turn   | Place    | Note
-------+----------+-------------------------------------------
     0 | D:1      | horus123 the Demigod Fire Elementalist began the quest for
                  | the Orb.
     0 | D:1      | Reached XP level 1. HP: 14/14 MP: 5/5
   163 | D:1      | You fall into a shaft and drop 1 floor!
   614 | D:1      | Reached XP level 2. HP: 20/20 MP: 2/8
   845 | D:1      | Learned a level 2 spell: Scorch
  1908 | D:2      | Reached XP level 3. HP: 26/26 MP: 2/10
  2654 | D:2      | Reached XP level 4. HP: 33/33 MP: 5/12
  2810 | D:2      | Learned a level 4 spell: Flame Wave
  2989 | D:3      | Found Borocvi's Assorted Antiques.
  2994 | D:3      | Identified the +2 leather armour of Honesty {Str-2 Int+9
                  | Stlth+}
  3304 | D:3      | Found Nekennot's Book Shoppe.
  3397 | D:3      | Found Teepluto's Assorted Antiques.
  3615 | D:3      | Found Suuvajiv's Jewellery Boutique.
  3904 | D:4      | Noticed a phantom
  3905 | D:4      | Reached skill level 3 in Fire Magic
  3905 | D:4      | Reached XP level 5. HP: 38/38 MP: 7/14
  3914 | D:4      | Reached skill level 4 in Fire Magic
  4194 | D:4      | Noticed an ogre
  4197 | D:4      | Killed an ogre
  4198 | D:4      | Reached skill level 5 in Fire Magic
  4198 | D:4      | Reached XP level 6. HP: 41/45 MP: 10/15
  4744 | D:4      | Slain by an iron imp

Illustrated notes

Levels and vault maps discovered:
D:1:      minmay_arrival_five_plusses, layout_basic,
          hellmonk_ecumenical_altar_lost_god
D:2:      kb_forest_paths, layout_loops_ring
D:3:      layout_basic, nemelex_xobeh_ov_fountains_minmay, serial_shops,
          nicolae_shop_statue_plus, shop_fountains, shop, nicolae_lakefront_shop
D:4:      layout_basic, demons_altar, mainiacjoe_overflow_surrounded_room,
          grunt_ministairs_12, chequers_serial_rivers_micro_a, hex_intersection,
          minivault_23, minmay_circle_x, uniq_robin, uniq_edmund

Skill      XL: |  1  2  3  4  5 |
---------------+----------------+-----
Spellcasting   | 2 3 4 |  4.2
Fire Magic     | 3 5 |  5.6
Dodging        | |  1.7
Stealth        | |  1.7
Conjurations   | |  0.8

Action                   |  1- 3 |  4- 6 || total
-------------------------+-------+-------++-------
Melee: Unarmed           |     2 |       ||     2
       Short sword       |       |     1 ||     1
       Staff             |       |    22 ||    22
 Cast: Foxfire           |    39 |     9 ||    48
       Scorch            |    36 |    53 ||    89
Evoke: Wand              |       |     3 ||     3
  Use: Scroll            |     5 |     6 ||    11
Armor: Robe              |     2 |       ||     2
       Leather armour    |       |     7 ||     7
Dodge: Dodged            |    13 |    20 ||    33

Table legend: (Time is in decaauts)
 A = Elapsed time spent in this place.
 B = Non-inter-level travel time spent in this place.
 C = Inter-level travel time spent in this place.
 D = Time resting spent in this place.
 E = Time spent auto-exploring this place.
 F = Levels seen in this place.
 G = Mean time per level.
                   A        B        C        D        E       F      G
               +--------+--------+--------+--------+--------+-----+--------+
         Total |   4746 |   4687 |     59 |   1018 |   2965 |   4 | 1186.5 |
       Dungeon |   4746 |   4687 |     59 |   1018 |   2965 |   4 | 1186.5 |
               +--------+--------+--------+--------+--------+-----+--------+

Top non-repeatable levels by time:
     D:1: 1668 daAuts
     D:2: 1231 daAuts
     D:4: 926 daAuts
     D:3: 919 daAuts
